 Dungeon Crawl Stone Soup version 0.20.0-15-g7f486f2 (webtiles) character file.

12556 dobroeutro the Cleaver (level 11, -15/83 HPs)
             Began as a Demonspawn Fighter on June 9, 2017.
             Was a High Priest of Makhleb.
             Demolished by a swamp dragon simulacrum (25 damage)
             ... in an ice cave.
             The game lasted 00:24:47 (10486 turns).

dobroeutro the Cleaver (Demonspawn Fighter)        Turns: 10486, Time: 00:24:50

Health: -15/83     AC: 20    Str: 22    XL:     11   Next: 64%
Magic:  11/11      EV:  9    Int: 12    God:    Makhleb [*****.]
Gold:   647        SH: 12    Dex: 17    Spells: 10/10 levels left

rFire    + . .     SeeInvis .   z - +7 broad axe of Vuywues {venom, rPois rC- Str+3 Int+2}
rCold    x . .     Gourm    .   c - +1 shield
rNeg     + . .     Faith    .   N - +3 chain mail of Day {rN+}
rPois    +         Spirit   .   I - +0 helmet (curse)
rElec    .         Reflect  .   n - scarf {repulsion}
rCorr    .         Harm     .   Q - +0 pair of gloves
MR       .....                  T - +0 pair of boots
Stlth    +.........             x - amulet of regeneration
Regen    0.7/turn               F - +4 ring of slaying
MPRegen  0.2/turn               O - +4 ring of dexterity

@: repel missiles
A: talons 1, thin metallic scales 2, demonic guardian 2, fire resistance 1,
nightstalker 2, subdued magic 1
a: Minor Destruction, Lesser Servant of Makhleb, Major Destruction, Greater
Servant of Makhleb, Renounce Religion


You were in an ice cave.
You worshipped Makhleb.
Makhleb was extremely pleased with you.
You were very hungry.

You visited 3 branches of the dungeon, and saw 14 of its levels.
You also visited: Ossuary and Ice Cave.

You collected 647 gold pieces.

Inventory:

Hand Weapons
 a - a +1 war axe of protection
 w - the +6 hand axe of Embarrassment {freeze, *Drain rF+++ rC- SInv}
   (You found it on level 4 of the Dungeon)

   It has been specially enchanted to freeze those struck by it, causing extra
   injury to most foes and up to half again as much damage against particularly
   susceptible opponents.
   It can also slow down cold-blooded creatures.
   It renders you almost immune to fire.
   It makes you vulnerable to cold.
   It lets you see invisible.
   It causes draining when unequipped.
 z - the +7 broad axe of Vuywues (weapon) {venom, rPois rC- Str+3 Int+2}
   (You acquired it on level 10 of the Dungeon)

   It poisons the flesh of those it strikes.
   It affects your strength (+3).
   It affects your intelligence (+2).
   It makes you vulnerable to cold.
   It protects you from poison.
Armour
 c - a +1 shield (worn)
 n - a scarf of repulsion (worn)
 I - a cursed +0 helmet (worn)
 N - the +3 chain mail of Day (worn) {rN+}
   (You found it on level 11 of the Dungeon)

   It protects you from negative energy.
 Q - a +0 pair of gloves (worn)
 T - a +0 pair of boots (worn)
Jewellery
 l - an uncursed ring of see invisible {unknown}
 u - an uncursed ring of protection from magic
 x - an amulet of regeneration (around neck)
 F - a +4 ring of slaying (left hand)
 H - a +4 amulet of reflection
 O - a +4 ring of dexterity (right hand)
 U - a +3 ring of protection
Wands
 A - a wand of confusion (42/48)
 B - a wand of paralysis (24/24)
 J - a wand of iceblast (4/15)
Scrolls
 g - 2 scrolls of identify
 i - 2 scrolls of blinking
 k - 3 scrolls of enchant weapon
 s - a scroll of magic mapping
 y - 4 scrolls of remove curse
 K - a scroll of fear
 V - 2 scrolls of teleportation
 Z - a scroll of brand weapon
Potions
 b - 2 potions of flight
 d - a potion of might
 e - 2 potions of lignification
 h - a potion of brilliance {unknown}
 j - 9 potions of heal wounds {unknown}
 m - 2 potions of degeneration {unknown}
 p - a potion of mutation {unknown}
 q - 7 potions of curing
 r - 3 potions of agility {unknown}
 v - 2 potions of invisibility {unknown}
 D - a potion of experience {unknown}
 L - 2 potions of cancellation {unknown}
 P - a potion of ambrosia {unknown}
 X - a potion of haste {unknown}
 Y - a potion of berserk rage {unknown}
Comestibles
 f - 10 bread rations
 o - 4 royal jellies
 t - 8 meat rations
 C - 6 fruits
 E - 5 chunks of flesh


   Skills:
 + Level 6.8 Fighting
 - Level 12.9 Axes
 + Level 6.1 Armour
 + Level 5.3 Dodging
 + Level 6.4 Shields


You had 10 spell levels left.
You didn't know any spells.

Dungeon Overview and Level Annotations

Branches:
Dungeon (12/15)            Temple (1/1) D:6            Lair (1/6) D:8
    Orc (0/2) D:12

Altars:
Ashenzari
Cheibriados
Dithmenos
Elyvilon
Fedhas
Gozag
Hepliaklqana
Kikubaaqudgha
Makhleb
Nemelex Xobeh
Okawaru
Qazlal
Ru
Sif Muna
Trog
Uskayaw
Vehumet
Xom
Yredelemnul
Zin
The Shining One

Portals:
Trove: D:10 (give +2 ice dragon scales)


Innate Abilities, Weirdness & Mutations

You are mostly covered in thin metallic scales. (AC +3)
A demonic guardian rushes to your aid.
You are significantly more attuned to the shadows.
You have sharp toenails.
Your flesh is heat resistant. (rF+)
Your spells are a little easier to cast, but a little less powerful.


Message History

You block the polar bear simulacrum's attack.
The polar bear simulacrum claws you but does no damage.
The swamp dragon simulacrum bites you but does no damage.
The swamp dragon simulacrum claws you.
The swamp dragon simulacrum freezes you!!
You feel a terrible chill!
The swamp dragon simulacrum barely misses you.
You hit the swamp dragon simulacrum.
The swamp dragon simulacrum is lightly damaged.
You slash the polar bear simulacrum!
The polar bear simulacrum barely misses you.
The polar bear simulacrum claws you. The polar bear simulacrum freezes you!!
You feel a terrible chill! The polar bear simulacrum claws you.
The polar bear simulacrum freezes you!!
You feel a terrible chill!
* * * LOW HITPOINT WARNING * * *
The swamp dragon simulacrum bites you!
* * * LOW HITPOINT WARNING * * *
The swamp dragon simulacrum freezes you!!
You feel a terrible chill!
You die...

#####
##...##
##..∩..##
#.......#
#...@...#
##.ZZ..##
##...##
#...#
...##
#...#


You could see a polar bear simulacrum and a swamp dragon simulacrum.

Vanquished Creatures
  Pikel (D:5)
  A deep elf mage (D:12)
  4 slime creatures (D:12)
  A centaur skeleton (D:10)
  A kobold demonologist (D:12)
  A komodo dragon (D:8)
  A troll (D:12)
  Prince Ribbit (D:7)
  2 hippogriffs
  A spriggan (D:8)
  3 yaks (Lair:1)
  4 vampire mosquitoes (D:12)
  A steam dragon (D:9)
  2 water moccasins
  A hornet zombie (Ossuary)
  6 orc warriors
  3 sky beasts
  2 black bears (D:10)
  A phantom (D:10)
  2 ogres
  10 centaurs
  4 crocodiles
  A big kobold (D:10)
  4 bullfrogs
  2 wyvern zombies
  A water moccasin zombie (Ossuary)
  A wyvern skeleton (D:11)
  A scorpion (D:9)
  10 killer bees
  7 wights
  6 howler monkeys
  3 crimson imps
  4 bullfrog zombies
  2 jellies
  2 centaur zombies (Ossuary)
  6 hounds
  2 bullfrog skeletons
  5 orc priests
  9 orc wizards
  Jessica (D:2)
  13 mummies (Ossuary)
  6 iguanas
  7 worker ants
  A polar bear simulacrum (IceCv)
  3 killer bee zombies (Ossuary)
  A wolf simulacrum (IceCv)
  2 hound zombies (Ossuary)
  9 adders
  3 gnolls
  A howler monkey skeleton (D:4)
  2 shadow imps
  12 white imps (Lair:1)
  An ooze (D:3)
  2 adder skeletons
  An adder zombie (Ossuary)
  5 worms
  6 dart slugs
  6 leopard geckos
  48 orcs
  8 bats
  5 giant cockroaches
  10 goblins
  3 hobgoblins
  11 jackals
  3 quokkas
  3 frilled lizards
  A jackal skeleton (D:4)
  12 kobolds
  A quokka zombie (D:5)
  11 rats
317 creatures vanquished.

Vanquished Creatures (collateral kills)
  Erica (D:9)
  4 two-headed ogres
  An unseen horror (D:10)
  2 slaves (D:5)
  An ogre (D:5)
  A centaur (D:6)
  A scorpion (D:3)
  A bullfrog zombie (Ossuary)
  An orc priest (D:11)
  A mummy (Ossuary)
  2 orcs (D:4)
16 creatures vanquished.

Vanquished Creatures (others)
  A bush (D:6)
  A plant (D:8)
  A withered plant (Ossuary)
3 creatures vanquished.

Grand Total: 336 creatures vanquished

Notes
Turn   | Place    | Note
-------+----------+-------------------------------------------
     0 | D:1      | dobroeutro the Demonspawn Fighter began the quest for the Orb.
     0 | D:1      | Reached XP level 1. HP: 18/18 MP: 1/1
    64 | D:1      | Reached skill level 2 in Axes
   206 | D:1      | Gained mutation: You are partially covered in thin metallic scales. (AC +2) [demonic ancestry]
   206 | D:1      | Reached XP level 2. HP: 22/24 MP: 2/2
   394 | D:1      | Reached skill level 3 in Axes
   522 | D:1      | Gained mutation: You are slightly more attuned to the shadows. [demonic ancestry]
   522 | D:1      | Reached XP level 3. HP: 25/29 MP: 3/3
  1086 | D:2      | Noticed Jessica
  1091 | D:2      | Killed Jessica
  1091 | D:2      | Reached skill level 4 in Axes
  1091 | D:2      | Gained mutation: A weak demonic guardian rushes to your aid. [demonic ancestry]
  1091 | D:2      | Reached XP level 4. HP: 29/35 MP: 4/4
  1624 | D:3      | Reached XP level 5. HP: 26/41 MP: 5/5
  1944 | D:3      | Reached skill level 5 in Axes
  2429 | D:4      | Found a shattered altar of Ashenzari.
  2437 | D:4      | Found a hazy altar of Hepliaklqana.
  2466 | D:4      | Found an ancient bone altar of Kikubaaqudgha.
  2475 | D:4      | Found an opulent altar of Gozag.
  2712 | D:4      | Gained mutation: A demonic guardian rushes to your aid. [demonic ancestry]
  2712 | D:4      | Reached XP level 6. HP: 28/47 MP: 6/6
  2728 | D:4      | Reached skill level 6 in Axes
  3699 | D:4      | Got a smoking hand axe
  3700 | D:4      | Identified the +6 hand axe of Embarrassment {freeze, *Drain rF+++ rC- SInv} (You found it on level 4 of the Dungeon)
  4081 | D:5      | Entered Level 5 of the Dungeon
  4089 | D:5      | Found Ejyowy's Food Boutique.
  4108 | D:5      | Reached skill level 7 in Axes
  4108 | D:5      | Gained mutation: You are significantly more attuned to the shadows. [demonic ancestry]
  4108 | D:5      | Reached XP level 7. HP: 51/52 MP: 7/7
  4347 | D:5      | Noticed Pikel
  4373 | D:5      | Killed Pikel
  4373 | D:5      | Reached skill level 8 in Axes
  4652 | D:5      | Reached XP level 8. HP: 34/58 MP: 8/8
  4847 | D:6      | Reached skill level 9 in Axes
  4987 | D:6      | Gained mutation: Your spells are a little easier to cast, but a little less powerful. [mutagenic meat]
  4988 | D:6      | Gained mutation: You have sharp toenails. [mutagenic meat]
  4989 | D:6      | Gained mutation: Your flesh is heat resistant. (rF+) [mutagenic meat]
  5356 | D:6      | Found a staircase to the Ecumenical Temple.
  5490 | Temple   | Entered the Ecumenical Temple
  5543 | Temple   | Became a worshipper of Makhleb the Destroyer
  5676 | D:7      | Reached skill level 10 in Axes
  6065 | D:7      | Noticed Prince Ribbit
  6077 | D:7      | Killed Prince Ribbit
  6259 | D:7      | Reached XP level 9. HP: 63/63 MP: 9/9
  6362 | D:8      | Found a sand-covered staircase.
  6369 | Ossuary  | Entered an ossuary
  6425 | Ossuary  | Reached skill level 11 in Axes
  6440 | Ossuary  | Reached * piety under Makhleb
  6761 | D:8      | Noticed a two-headed ogre
  6770 | D:8      | Killed a two-headed ogre
  6770 | D:8      | Reached skill level 12 in Axes
  6903 | D:8      | Found a blossoming altar of Fedhas.
  7141 | D:8      | Found a staircase to the Lair.
  7142 | D:8      | Noticed a komodo dragon
  7164 | D:8      | Found a snail-covered altar of Cheibriados.
  7174 | D:8      | Found a basalt altar of Yredelemnul.
  7251 | D:8      | Noticed a two-headed ogre
  7254 | D:8      | Killed a two-headed ogre
  7460 | D:8      | Found a bloodstained altar of Trog.
  7556 | D:9      | Reached ** piety under Makhleb
  7608 | D:9      | Noticed Erica
  7618 | D:9      | Killed Erica
  7618 | D:9      | Reached XP level 10. HP: 70/70 MP: 10/10
  7701 | D:9      | Reached skill level 1 in Dodging
  7968 | D:10     | Entered Level 10 of the Dungeon
  8269 | D:10     | Noticed an unseen horror
  8283 | D:10     | Killed an unseen horror
  8339 | D:10     | Reached *** piety under Makhleb
  8617 | D:10     | Identified a scroll of acquirement
  8620 | D:10     | Got a dazzling broad axe
  8621 | D:10     | Identified the +7 broad axe of Vuywues {venom, rPois rC- Str+3 Int+2} (You acquired it on level 10 of the Dungeon)
  8687 | D:10     | Found a portal to a secret trove of treasure.
  8699 | D:10     | Reached skill level 5 in Fighting
  8873 | D:11     | Noticed a two-headed ogre
  8886 | D:11     | Killed a two-headed ogre
  8886 | D:11     | Reached skill level 5 in Shields
  9001 | D:11     | Gained mutation: You are mostly covered in thin metallic scales. (AC +3) [demonic ancestry]
  9001 | D:11     | Reached XP level 11. HP: 75/80 MP: 11/11
  9411 | D:11     | Got an ancient chain mail
  9422 | D:11     | Identified the +3 chain mail of Day {rN+} (You found it on level 11 of the Dungeon)
  9489 | D:12     | Reached skill level 5 in Armour
  9644 | D:12     | Noticed a two-headed ogre
  9648 | D:12     | Noticed a deep elf mage
  9651 | D:12     | Killed a two-headed ogre
  9661 | D:12     | Killed a deep elf mage
  9737 | D:12     | Found a staircase to the Orcish Mines.
  9761 | D:12     | Reached **** piety under Makhleb
 10173 | D:12     | Reached skill level 5 in Dodging
 10393 | Lair:1   | Entered Level 1 of the Lair of Beasts
 10433 | Lair:1   | Found a frozen archway.
 10454 | Lair:1   | Reached ***** piety under Makhleb
 10477 | IceCv    | Entered an ice cave
 10486 | IceCv    | Demolished by a swamp dragon simulacrum

Skill      XL: |  1  2  3  4  5  6  7  8  9 10 11 |
---------------+----------------------------------+-----
Axes           | 2 3 4 5 7 8 10 12 | 12.9
Armour         | 4 6 |  6.1
Shields        | 5 6 |  6.4
Dodging        | 3 5 |  5.3
Fighting       | 5 6 |  6.8

Action                   |  1- 3 |  4- 6 |  7- 9 | 10-12 || total
-------------------------+-------+-------+-------+-------++-------
Melee: War axe           |   128 |   244 |       |       ||   372
       Hand axe          |       |    37 |   263 |    95 ||   395
       Kick              |       |       |    77 |    81 ||   158
       Broad axe         |       |       |       |   211 ||   211
  Use: Scroll            |       |       |     3 |    20 ||    23
 Stab: Sleeping          |       |     6 |     4 |     1 ||    11
  Eat: Chunk             |     1 |    10 |    14 |     4 ||    29
       Bread ration      |       |       |       |     1 ||     1
Armor: Scale mail        |    74 |   130 |    51 |    37 ||   292
       Chain mail        |       |       |       |    61 ||    61
Dodge: Dodged            |    35 |    66 |    55 |    95 ||   251
Block: Shield            |    65 |   132 |    89 |   158 ||   444
